 Dungeon Crawl Stone Soup version 0.21-a0-584-g185da8e (webtiles) character file.

51 sithsevirus the Sneak (level 3, 0/15 HPs)
             Began as a Felid Air Elementalist on Dec 21, 2017.
             Slain by a hobgoblin
             ... wielding a +0 club
              (5 damage)
             ... on level 2 of the Dungeon.
             The game lasted 00:16:19 (2189 turns).

sithsevirus the Sneak (Felid Air Elementalist)      Turns: 2189, Time: 00:16:20

Health: 0/15       AC:  1    Str:  4    XL:     3   Next: 57%
Magic:  5/7        EV: 18    Int: 17    God:
Gold:   47         SH:  0    Dex: 16    Spells: 5/6 levels left
                                        Lives:  0   Deaths: 0

rFire    . . .     SeeInvis +   (weapon unavailable)
rCold    . . .     Gourm    .   (shield unavailable)
rNeg     . . .     Faith    .   (armour unavailable)
rPois    .         Spirit   .   (helmet unavailable)
rElec    .         Reflect  .   (cloak unavailable)
rCorr    .         Harm     .   (gloves unavailable)
MR       .....                  (boots unavailable)
Stlth    +++.......             (no amulet)
HPRegen  0.05/turn              (no ring)
MPRegen  0.10/turn              (no ring)

@: very slightly contaminated, quick
A: very small, no armour, no weapons or thrown items, stealth, claws 1, fangs 3,
see invisible, carnivore, speed 1, shaggy fur 1, slow metabolism 1, sharp paws
a: no special abilities


You were on level 2 of the Dungeon.
You were completely stuffed.

You visited 1 branch of the dungeon, and saw 2 of its levels.

You collected 47 gold pieces.

Inventory:

Scrolls
 c - 3 scrolls of amnesia {unknown}
 d - a scroll of teleportation {unknown}
 f - a scroll of fog {unknown}
 h - a scroll of fear {unknown}
Potions
 e - a potion of flight {unknown}
Books
 a - a book of Air

   Spells                             Type                      Level
   a - Shock                          Conjuration/Air              1
   b - Swiftness                      Charms/Air                   2
   c - Static Discharge               Conjuration/Air              3
   d - Airstrike                      Air                          4
   e - Lightning Bolt                 Conjuration/Air              5
Comestibles
 b - 2 rations


   Skills:
 + Level 1.2 Fighting
 + Level 3.3 Dodging
 + Level 3.5 Stealth
 - Level 2.0 Spellcasting
 + Level 1.5 Conjurations
 + Level 3.0 Air Magic


You had 5 spell levels left.
You knew the following spells:

 Your Spells              Type           Power        Failure   Level  Hunger
a - Shock                 Conj/Air       #...         8%          1    #......


Dungeon Overview and Level Annotations

Branches:
Dungeon (2/15)

Altars:


Innate Abilities, Weirdness & Mutations

You cannot wear armour.
You are incapable of wielding weapons or throwing items.
Your paws allow you to move quietly. (Stealth)
You have sharp claws.
You have razor-sharp teeth.
You have supernaturally acute eyesight. (SInv)
You are carnivorous and can eat meat at any time.
You cover ground quickly.
You are covered in fur. (AC +1)
You have a slow metabolism.
Your sharp claws are effective at attacking unaware monsters.


Message History

The hobgoblin is almost dead.
The hobgoblin barely misses you.
You barely miss the hobgoblin.
The hobgoblin is almost dead.
The hobgoblin closely misses you.
You barely miss the hobgoblin. Your bite misses the hobgoblin.
The hobgoblin is almost dead.
The hobgoblin hits you with a club.
You closely miss the hobgoblin.
You bite the hobgoblin, but do no damage.
The hobgoblin is almost dead.
Casting: Shock
Confirm with . or Enter, or press ? or * to list all spells.
Aiming: Shock
Press: ? - help, Shift-Dir - straight line, f/p - hobgoblin
Aim: a hobgoblin, wielding a club (almost dead)
You miscast Shock.
You are very lightly contaminated with residual magic.
You are blasted with air!
The hobgoblin hits you with a club.
You die...

................#####.#.#####.###
.#..........#...# #.#.# #.#
..###>....###...#####.#.#####.###
.## #.....# #.........#..........
..# ###.### #w..#############.###
.######.# #..## #.### ........#
#..# #.... .######## #..######
##### ..# #.wg@...# .## #.#####.#
## #.# #.# #.# #.# #.


You could see a worm and a hobgoblin.

Vanquished Creatures
  2 oozes (D:2)
  3 dart slugs
  2 bats (D:2)
  2 giant cockroaches
  6 goblins
  3 hobgoblins
  A jackal (D:2)
  6 kobolds
  A quokka (D:2)
  A ball python (D:1)
  4 frilled lizards
  3 rats
34 creatures vanquished.

Notes
Turn   | Place    | Note
-------+----------+-------------------------------------------
     0 | D:1      | sithsevirus the Felid Air Elementalist began the quest for the Orb.
     0 | D:1      | Reached XP level 1. HP: 7/7 MP: 4/4
    10 | D:1      | Noticed a frost giant
    10 | D:1      | Noticed a worker ant
    10 | D:1      | Noticed a tyrant leech
    10 | D:1      | Noticed a komodo dragon
    27 | D:1      | Reached skill level 1 in Conjurations
   359 | D:1      | Reached XP level 2. HP: 12/12 MP: 0/6
  1406 | D:2      | Reached skill level 1 in Fighting
  1406 | D:2      | Reached XP level 3. HP: 15/15 MP: 3/7
  2189 | D:2      | Slain by a hobgoblin

Vault maps used:
D:1:      onia_arrival_zoo_common
D:2:      st_stairs_9

Skill      XL: |  1  2 |
---------------+-------+-----
Conjurations   | 1 |  1.5
Stealth        | 3 |  3.5
Dodging        | 3 |  3.3
Fighting       | 1 |  1.2
Air Magic      | 3 |  3.0
Spellcasting   | |  2.0

Action                   || total
-------------------------++-------
Melee: Unarmed           ||    20
       Bite              ||     2
 Cast: Shock             ||    98
 Stab: Sleeping          ||     1
  Eat: Chunk             ||    11
Armor: Skin              ||     1
Dodge: Dodged            ||    31

Table legend:
 A = Spawn XP
 B = Non-spawn XP
 C = Spawn XP percentage of total XP
 D = Spawn monster count
 E = Non-spawn monster count
 F = Spawn count percentage of total count
 G = Total turns spent on level
                    A         B        C        D         E        F      G
               +---------+---------+-------+---------+---------+-------+---------
         Total |       0 |      73 |   0.0 |       0 |      34 |   0.0 |  2189
               +---------+---------+-------+---------+---------+-------+---------
           D:1 |       0 |      31 |   0.0 |       0 |      18 |   0.0 |  1207
           D:2 |       0 |      42 |   0.0 |       0 |      16 |   0.0 |   982
               +---------+---------+-------+---------+---------+-------+---------
